 Dungeon Crawl Stone Soup version 0.21-a0-401-g0b6bec4 (webtiles) character file.

37 4thArraOfDagon the Gusty (level 3, -3/24 HPs)
             Began as a Barachi Air Elementalist on Oct 25, 2017.
             Killed by nerve-wracking pain
             ... invoked by Grinder
              (8 damage)
             ... on level 3 of the Dungeon.
             The game lasted 00:02:38 (421 turns).

4thArraOfDagon the Gusty (Barachi Air Elementalist)  Turns: 421, Time: 00:02:39

Health: -3/24      AC:  3    Str: 12 (14) XL:     3   Next: 41%
Magic:  5/6        EV: 12    Int: 18 (21) God:
Gold:   55         SH:  0    Dex:  9 (12) Spells: 2/6 levels left

rFire    . . .     SeeInvis .   h - +0 mace (protect)
rCold    . . .     Gourm    .   (no shield)
rNeg     . . .     Faith    .   a - +0 robe
rPois    .         Spirit   .   (no helmet)
rElec    .         Reflect  .   (no cloak)
rCorr    .         Harm     .   l - +0 pair of gloves
MR       .....                  (no boots)
Stlth    ++........             (no amulet)
HPRegen  0.08/turn              (no ring)
MPRegen  0.10/turn              (no ring)

@: mighty, brilliant, can't hop, slow
A: +LOS, swims, slowness 1, strong legs 1
a: Hop


You were on level 3 of the Dungeon.
You were not hungry.

You visited 1 branch of the dungeon, and saw 3 of its levels.

You collected 55 gold pieces.

Inventory:

Hand Weapons
 e - a +0 whip
 h - a +0 mace of protection (weapon)
Armour
 a - a +0 robe (worn)
 l - a +0 pair of gloves (worn)
Scrolls
 f - a scroll of fear {unknown}
 g - 2 scrolls of recharging {unknown}
 i - 3 scrolls of identify {unknown}
 k - a scroll of teleportation {unknown}
Potions
 n - a potion of brilliance
Books
 b - a book of Air

   Spells                             Type                      Level
   a - Shock                          Conjuration/Air              1
   b - Swiftness                      Charms/Air                   2
   c - Static Discharge               Conjuration/Air              3
   d - Airstrike                      Air                          4
   e - Lightning Bolt                 Conjuration/Air              5
Comestibles
 c - a bread ration
 m - a meat ration


   Skills:
 - Level 2.1 Dodging
 - Level 1.7 Stealth
 - Level 2.1 Spellcasting
 - Level 1.1 Conjurations
 * Level 4.8 Air Magic


You had 2 spell levels left.
You knew the following spells:

 Your Spells              Type           Power        Failure   Level  Hunger
a - Shock                 Conj/Air       ###.         1%          1    #......
b - Static Discharge      Conj/Air       ###.....     1%          3    ###....


Dungeon Overview and Level Annotations

Branches:
Dungeon (3/15)

Altars:

Annotations:
D:3 Grinder


Innate Abilities, Weirdness & Mutations

Shadows flee at your approach. (+LOS)
You can swim through water.
You cover ground slowly.
You can hop short distances.


Message History

Press: ? - help, Dir - move target cursor Boing!
Unknown command.
It was a potion of brilliance.
You feel clever all of a sudden.
It was a potion of degeneration.
There was something very wrong with that liquid.
You feel weakened.
You feel dopey.
You feel clumsy.
Okay, then.
Casting: Shock
Confirm with . or Enter, or press ? or * to list all spells.
Aiming: Shock
Press: ? - help, Shift-Dir - straight line The zap hits Grinder.
Grinder is lightly wounded.
The zap hits Grinder.
Grinder is lightly wounded.
Grinder gestures at you. Pain shoots through your body!
You die...

## #.
#.######################
#.#.5..@................
#.#.####################
#5........# #<..)....#
###....##.# #........###
.....# +...........
###### ##...........
...............
########.##.....
#.##.....


You could see Grinder.

Vanquished Creatures
  An adder (D:2)
  2 oozes
  A dart slug (D:1)
  A leopard gecko (D:2)
  4 bats
  A giant cockroach (D:1)
  A hobgoblin (D:3)
  2 kobolds (D:1)
  A frilled lizard (D:1)
  A goblin (D:1)
  2 rats
17 creatures vanquished.

Notes
Turn   | Place    | Note
-------+----------+-------------------------------------------
     0 | D:1      | 4thArraOfDagon the Barachi Air Elementalist began the quest for the Orb.
     0 | D:1      | Reached XP level 1. HP: 13/13 MP: 3/3
    85 | D:1      | Reached XP level 2. HP: 8/19 MP: 1/5
   140 | D:1      | Reached skill level 4 in Air Magic
   279 | D:1      | Reached XP level 3. HP: 19/24 MP: 4/6
   284 | D:1      | Learned a level 3 spell: Static Discharge
   409 | D:3      | Noticed Grinder
   411 | D:3      | Paralysed by Grinder for 6 turns
   421 | D:3      | Killed from afar by Grinder

Vault maps used:
D:1:      dpeg_arrival_radiant, minmay_pentomino_p2
D:2:      old_standard_altar, nicolae_overflow_crystal_walls
D:3:      lemuel_coloured_pillars_altar, lemuel_doored_altar, bloody_makhleb,
          nicolae_overflow_hidden_temple, uniq_grinder, uniq_natasha,
          uniq_jessica

Skill      XL: |  1  2 |
---------------+-------+-----
Air Magic      | 4 |  4.8
Dodging        | |  2.1
Stealth        | |  1.7
Spellcasting   | |  2.1
Conjurations   | |  1.1

Action                   || total
-------------------------++-------
Melee: Mace              ||    38
 Cast: Shock             ||    20
 Abil: Hop               ||     1
  Use: Potion            ||     3
 Stab: Sleeping          ||     2
Armor: Robe              ||    29
Dodge: Dodged            ||    57

Table legend:
 A = Spawn XP
 B = Non-spawn XP
 C = Spawn XP percentage of total XP
 D = Spawn monster count
 E = Non-spawn monster count
 F = Spawn count percentage of total count
 G = Total turns spent on level
                    A         B        C        D         E        F      G
               +---------+---------+-------+---------+---------+-------+---------
         Total |       0 |      54 |   0.0 |       0 |      17 |   0.0 |   421
               +---------+---------+-------+---------+---------+-------+---------
           D:1 |       0 |      26 |   0.0 |       0 |      11 |   0.0 |   222
           D:2 |       0 |      26 |   0.0 |       0 |       5 |   0.0 |   135
           D:3 |       0 |       2 |   0.0 |       0 |       1 |   0.0 |    64
               +---------+---------+-------+---------+---------+-------+---------
